 Dungeon Crawl Stone Soup version 0.29.1-4-g47bece8355 (webtiles) character file.

Game seed: 4942667570398383249

6352 Smoke420chilling the Slicer (level 11, -2/84 HPs)
             Began as a Human Enchanter on Dec 7, 2022.
             Was a Believer of Sif Muna.
             Slain by a guardian serpent (shapeshifter) (5 damage)
             ... on level 4 of the Abyss.
             The game lasted 01:15:28 (13947 turns).

Smoke420chilling the Slicer (Human Enchanter)      Turns: 13947, Time: 01:15:29

Health: -2/84      AC: 17    Str:  8    XL:     11   Next: 17%
Magic:  17/17      EV: 13    Int: 16    God:    Sif Muna [**....]
Gold:   450        SH:  5    Dex: 18    Spells: 12/18 levels left

rFire   + . .      SeeInvis .   i - +2 dagger (venom)
rCold   + . .      Faith    .   (no shield)
rNeg    . . .      Spirit   .   t - +0 acid dragon scales
rPois   +          Reflect  +   (no helmet)
rElec   .          Harm     .   x - scarf {rC+ rF+}
rCorr   +          Rampage  .   g - +2 pair of gloves
Will    .....                   p - +1 pair of boots
Stlth   +++.......              G - amulet of reflection
HPRegen 0.00/turn               m - +4 ring of protection
MPRegen 0.15/turn               M - ring of poison resistance

@: sick, invisible, unable to drink
A: [inability to drink after injury 2]
a: Renounce Religion, Channel Magic


You were on level 4 of the Abyss.
You worshipped Sif Muna.
Sif Muna was pleased with you.
You visited 2 branches of the dungeon, and saw 10 of its levels.
You visited the Abyss 1 time.

You collected 450 gold pieces.

Inventory:

Hand Weapons
 a - a +1 dagger
 i - a +2 dagger of venom (weapon)
 l - a +0 dagger of protection
 v - a +0 shortbow of freezing
 D - a +0 vorpal rapier
 O - a +0 vampiric dagger
 P - a +3 short sword
 Q - a +4 long sword of protection
Armour
 b - a +0 robe
 d - a +2 robe of cold resistance
 g - a +2 pair of gloves (worn)
 h - a +0 leather armour
 p - a +1 pair of boots (worn)
 t - +0 acid dragon scales (worn)
 u - a +0 cloak
 x - a scarf of resistance (worn)
Magical Staves
 z - a staff of cold
 E - a staff of cold
Jewellery
 m - a +4 ring of protection (left hand)
 r - a ring of positive energy
 G - an amulet of reflection (around neck)
 M - a ring of poison resistance (right hand)
Wands
 C - a wand of charming (9) (quivered)
 K - a wand of polymorph (6)
 N - a wand of light (2)
Scrolls
 j - a scroll of vulnerability
 k - 4 scrolls of poison
 s - a scroll of amnesia
 y - a scroll of fear
 R - a scroll of silence
 S - a scroll of immolation
Potions
 e - 2 potions of resistance {unknown}
 n - 3 potions of might
 o - 3 potions of mutation {unknown}
 q - 2 potions of ambrosia {unknown}
 w - 2 potions of curing
 A - 2 potions of degeneration {unknown}
 B - a potion of magic {unknown}
 F - a potion of cancellation {unknown}
 H - a potion of heal wounds {unknown}
 I - a potion of lignification {unknown}
 L - a potion of haste {unknown}
 T - a potion of brilliance {unknown}


   Skills:
 + Level 7.2 Fighting
 - Level 8.2 Short Blades
 - Level 0.3 Ranged Weapons
 - Level 7.3 Armour
 - Level 4.4 Dodging
 - Level 7.2 Stealth
 - Level 4.2 Spellcasting
 - Level 2.0 Conjurations
 - Level 4.5 Hexes
 - Level 1.1 Ice Magic


You had 12 spell levels left.
You knew the following spells:

 Your Spells              Type           Power      Damage    Failure   Level
a - Ensorcelled Hibernat  Hex/Ice        24%        N/A       13%         2
b - Tukima's Dance        Hex            17%        N/A       13%         3
c - Magic Dart            Conj           40%        1d5       12%         1

Your spell library contained the following spells:

 Spells                   Type           Power      Damage    Failure   Level
 Confusing Touch          Hex            17%        N/A       13%         3
 Dazzling Flash           Conj/Hex       26%        N/A       21%         3
 Static Discharge         Conj/Air       6%         3-4/arc   26%         2
 Inner Flame              Hex/Fire       10%        N/A       32%         3
 Blink                    Tloc           6%         N/A       38%         2
 Call Imp                 Summ           3%         N/A       38%         2
 Conjure Flame            Conj/Fire      6%         6-21      45%         3
 Mephitic Cloud           Conj/Pois/Air  5%         N/A       52%         3
 Ignite Poison            Fire/Tmut/Pois 3%         N/A       63%         3
 Lesser Beckoning         Tloc           3%         N/A       63%         3
 Leda's Liquefaction      Hex/Erth       5%         N/A       71%         4
 Sticky Flame             Conj/Fire      6%         2d3       86%         4
 Dispel Undead            Necr           3%         3d7       95%         4
 Lightning Bolt           Conj/Air       3%         1d14      99%         5
 Manifold Assault         Tloc           3%         N/A       100%        5
 Maxwell's Capacitive Co  Air            1%         ∞         100%        8


Dungeon Overview and Level Annotations

Branches:
Dungeon (9/15)             Temple (1/1) D:6             Orc (0/2) D:9
   Lair: D:8-11

Altars:
Ashenzari
Cheibriados
Dithmenos
Elyvilon
Fedhas
Gozag
Hepliaklqana
Kikubaaqudgha
Makhleb
Nemelex Xobeh
Okawaru
Qazlal
Ru
Sif Muna
Trog
Uskayaw
Wu Jian
Xom

Shops:
D:8 :((   D:9 =

Annotations:
D:9 Erolcha
Abyss:1 Edmund


Innate Abilities, Weirdness & Mutations

[You sometimes lose the ability to drink potions when taking damage.]


Message History

The large abomination attacks as you move away!
The large abomination closely misses you.
A smoke demon comes into view.
The salamander attacks as you move away!
The salamander misses you.
The smoke demon roars!
You feel better. The salamander hits you!
* * * LOW HITPOINT WARNING * * *
You are engulfed in flames!
You resist.
* * * LOW HITPOINT WARNING * * *
The wretched star pulses with an eldritch light!
You occasionally lose the ability to drink potions when taking damage.
You lose the ability to drink potions when taking damage more often.
You fade into invisibility!
The salamander closely misses you.
You block the large abomination's attack.
Unknown command.
Okay, then.
A wraith comes into view.
The smoke demon roars!
You feel ill.
The salamander changes into a troll!
You flicker for a moment.
A guardian serpent comes into view.
You flicker back into view.
You feel better.
The guardian serpent hits you but does no damage.
The guardian serpent hits you!
* * * LOW HITPOINT WARNING * * *
A small abomination comes into view.
You fade into invisibility!
The guardian serpent closely misses you.
The guardian serpent closely misses you.
The guardian serpent attacks as you move away!
The guardian serpent hits you!
You feel threatened and lose the ability to drink potions!
* * * LOW HITPOINT WARNING * * *
You feel ill. The guardian serpent hits you.
You die...

# ##x#..###. .#
#.. #.#... ##. #
#.. ....
#..#..#... ..##
#.# ...# #.## ##
.#..#..
#..###.....#
###.#.##..##.#
#.#.#.#S#.#..#...
#....@.##.#...#.#
...##.#x..### ##.
.# # .##.....#
#... .. ..#... .
# ... ###.## .
.#.# .# ...# #...


You could see a guardian serpent and a small abomination (wandering, unable to
see you).

Vanquished Creatures
  Psyche (D:9)
  A troll (D:9)
  13 yaks
  Menkaure (D:6)
  A steam dragon (D:7)
  4 acid dragons
  2 water moccasins
  An orc warrior (D:9)
  An ice beast (D:6)
  An ogre (D:4)
  4 centaurs
  4 kobold brigands
  A phantom (D:6)
  A gnoll sergeant (D:9)
  4 bullfrogs
  2 scorpions (D:5)
  3 wights
  3 killer bees (D:9)
  5 howler monkeys
  2 orc priests
  3 hounds
  4 iguanas
  9 orc wizards
  12 gnolls
  7 adders
  3 shadow imps
  A white imp (D:7)
  An ufetubus (D:5)
  2 worms (D:3)
  5 dart slugs
  30 orcs
  8 ball pythons
  5 bats
  6 endoplasms
  4 giant cockroaches
  13 goblins
  7 hobgoblins
  6 jackals
  6 quokkas
  2 frilled lizards
  31 kobolds
  7 rats
227 creatures vanquished.

Vanquished Creatures (collateral kills)
  6 wights
  An orc (D:3)
  A kobold (D:7)
8 creatures vanquished.

Vanquished Creatures (others)
  2 yaks (D:9)
  8 dancing weapons
10 creatures vanquished.

Grand Total: 245 creatures vanquished

Notes
Turn   | Place    | Note
-------+----------+-------------------------------------------
     0 | D:1      | Smoke420chilling the Human Enchanter began the quest for
                  | the Orb.
     0 | D:1      | Reached XP level 1. HP: 13/13 MP: 3/3
    75 | D:1      | Reached skill level 1 in Fighting
   249 | D:1      | Reached XP level 2. HP: 16/21 MP: 5/5
   648 | D:1      | Found a faded altar of an unknown god.
   992 | D:1      | Reached XP level 3. HP: 18/27 MP: 6/6
  1413 | D:1      | Learned a level 2 spell: Ensorcelled Hibernation
  2101 | D:2      | Reached XP level 4. HP: 33/33 MP: 4/7
  2192 | D:2      | Reached skill level 1 in Ice Magic
  2467 | D:2      | Reached XP level 5. HP: 13/39 MP: 8/8
  3203 | D:3      | Found a bloodstained altar of Trog.
  3470 | D:3      | Reached XP level 6. HP: 45/47 MP: 9/9
  3498 | D:3      | You fall into a shaft and drop 2 floors!
  3498 | D:5      | Entered Level 5 of the Dungeon
  3518 | D:5      | Found a snail-covered altar of Cheibriados.
  3518 | D:5      | Found a sparkling altar of Nemelex Xobeh.
  3518 | D:5      | Found a broken altar of Ashenzari.
  3518 | D:5      | Found a shadowy altar of Dithmenos.
  3552 | D:5      | Found a stormy altar of Qazlal.
  3554 | D:5      | Noticed a water elemental
  3554 | D:5      | Noticed an air elemental
  3555 | D:5      | Noticed a fire elemental
  3983 | D:4      | Learned a level 3 spell: Tukima's Dance
  4215 | D:4      | Noticed an ogre
  4476 | D:3      | Identified the +9 hand axe of Midsummer {vorpal, Will+
                  | Int+4 SInv Stlth-}
  4909 | D:4      | Reached XP level 7. HP: 54/54 MP: 10/10
  4920 | D:4      | Reached skill level 2 in Short Blades
  5964 | D:5      | Found an iron altar of Okawaru.
  6081 | D:5      | Learned a level 1 spell: Magic Dart
  6219 | D:5      | Reached skill level 1 in Conjurations
  6552 | D:6      | Noticed Edmund
  6616 | D:6      | Reached XP level 8. HP: 60/60 MP: 6/11
  6662 | D:6      | Reached skill level 3 in Short Blades
  6936 | D:6      | Found a staircase to the Ecumenical Temple.
  6949 | Temple   | Entered the Ecumenical Temple
  7013 | Temple   | Became a worshipper of Sif Muna the Loreminder
  7171 | D:6      | Found a blossoming altar of Fedhas.
  7302 | D:6      | Noticed Menkaure
  7325 | D:6      | Killed Menkaure
  7540 | D:6      | Banished Edmund
  7612 | D:6      | Reached skill level 5 in Fighting
  7890 | D:6      | Found a hazy altar of Hepliaklqana.
  8082 | D:7      | Reached XP level 9. HP: 52/69 MP: 2/15
  8415 | D:7      | Got Sif Muna's Collected Works on Interference
  8632 | D:7      | Reached skill level 5 in Stealth
  8991 | D:7      | Reached * piety under Sif Muna
  9337 | D:8      | Found Fukkois's Book Boutique.
  9548 | D:8      | Found a white marble altar of Elyvilon.
  9970 | D:8      | Reached skill level 4 in Short Blades
 10260 | D:8      | Reached skill level 5 in Short Blades
 10260 | D:8      | Reached XP level 10. HP: 49/69 MP: 8/16
 10398 | D:8      | Found Joutineo's Antique Weapon Shoppe.
 10444 | D:8      | Found Kiphonli's Weapon Emporium.
 10633 | D:9      | Found a staircase to the Orcish Mines.
 10647 | D:9      | Found Heluniz's Jewellery Shop.
 10693 | D:9      | Noticed Erolcha
 10891 | D:9      | Found a sacrificial altar of Ru.
 11198 | D:9      | Reached skill level 1 in Armour
 11696 | D:9      | Reached skill level 5 in Armour
 12153 | D:9      | Noticed Psyche
 12450 | D:8      | Reached skill level 6 in Short Blades
 13024 | D:9      | Reached XP level 11. HP: 77/84 MP: 17/17
 13046 | D:9      | Reached skill level 7 in Short Blades
 13063 | D:9      | Reached ** piety under Sif Muna
 13469 | D:9      | Killed Psyche
 13470 | D:9      | Reached skill level 8 in Short Blades
 13596 | Abyss:1  | Cast into level 1 of the Abyss (Erolcha)
 13701 | Abyss:1  | Noticed a lich
 13777 | Abyss:1  | Noticed an orc sorcerer
 13823 | Abyss:3  | Found a corrupted altar of Lugonu.
 13863 | Abyss:4  | Noticed a worldbinder
 13882 | Abyss:4  | Noticed a wretched star
 13892 | Abyss:4  | Noticed a large abomination
 13907 | Abyss:4  | Noticed a large abomination
 13916 | Abyss:4  | Noticed a salamander
 13919 | Abyss:4  | Noticed a thrashing horror
 13919 | Abyss:4  | Noticed a wretched star
 13933 | Abyss:4  | a salamander changed into a troll
 13946 | Abyss:4  | HP: 3/84 [guardian serpent (shapeshifter) (10)]
 13947 | Abyss:4  | Slain by a guardian serpent (shapeshifter)

Illustrated notes

Levels and vault maps discovered:
D:1:      mushboom_english_gardens, layout_loops_corners,
          chequers_ecumenical_altar_simple
D:2:      layout_basic, cheibrodos_gnoll_hut
D:3:      layout_basic, mainiacjoe_overflow_paths,
          minmay_fractal_squares_diagonal_5
D:4:      layout_basic, minmay_goblin_kobold_house
D:5:      layout_basic, overflow_temple_1_default,
          chequers_temple_overflow_statue_of_worship,
          nicolae_qazlal_style_of_elements
D:6:      layout_rooms, lemuel_tele_altar, worldfamousw_hep_ancestral_shrine,
          minmay_temple_entry_trees, uniq_edmund, uniq_menkaure
D:7:      nicolae_cairo_tiling_very_big, layout_basic,
          minmay_misc_feat_four_crosses, minivault_10
D:8:      layout_gridville, marbit_many_paths, serial_shops, nicolae_shop_trees,
          nicolae_shop_advertising_works [nicolae_subvault_shop_adworks], shop
D:9:      layout_irregular_city, mainiacjoe_overflow_small_starburst,
          orc_0_dummy, serial_shops, nicolae_shop_competitors_out_of_business,
          wad_rectangle_vault, uniq_psyche, uniq_erolcha
Temple:   nicolae_temple_bog_church
Abyss:4:  base: D:3, evilmike_abyss_exit_glass, onia_ninara_dug_in_and_dangerous

Skill      XL: |  1  2  3  4  5  6  7  8  9 10 11 |
---------------+----------------------------------+-----
Fighting       | 1 2 3 4 6 7 |  7.2
Stealth        | 4 7 |  7.2
Ice Magic      | 1 |  1.1
Hexes          | 4 |  4.5
Short Blades   | 2 3 5 6 8 |  8.2
Dodging        | 4 |  4.4
Conjurations   | 2 |  2.0
Spellcasting   | 4 |  4.2
Armour         | 7 |  7.3
Ranged Weapons | |  0.3

Action                   |  1- 3 |  4- 6 |  7- 9 | 10-12 || total
-------------------------+-------+-------+-------+-------++-------
Melee: Dagger            |   120 |   170 |   439 |   160 ||   889
       Punch             |       |     2 |    11 |     4 ||    17
       Long sword        |       |       |       |    34 ||    34
       Unarmed           |       |       |       |     2 ||     2
 Cast: Ensorcelled Hiber |     4 |    15 |    30 |    40 ||    89
       Tukima's Dance    |       |     2 |    29 |     6 ||    37
       Magic Dart        |       |       |    25 |     5 ||    30
Invok: Channel Magic     |       |       |     2 |       ||     2
Evoke: Wand              |       |       |       |     4 ||     4
  Use: Scroll            |       |       |    12 |    10 ||    22
       Potion            |       |       |     3 |     5 ||     8
 Stab: Sleeping          |     8 |    20 |    15 |    20 ||    63
       Distracted        |       |       |     2 |       ||     2
Armor: Robe              |    19 |    52 |   150 |    17 ||   238
       Leather armour    |     2 |       |       |       ||     2
       Acid dragon scale |       |       |       |    90 ||    90
Dodge: Dodged            |    76 |   116 |   206 |   143 ||   541
Block: Other             |       |       |    51 |    58 ||   109
       Reflection        |       |       |     3 |     2 ||     5
